 Dungeon Crawl Stone Soup version 0.30-a0-1066-g63dfefce0d (webtiles) character file.

Game seed: 17844902668992300759

2508 jasper the Ducker (level 9, -2/100 HPs)
             Began as a Djinni Venom Mage on Apr 12, 2023.
             Was a Believer of Ru.
             Killed from afar by a gargoyle (6 damage)
             ... with a stone arrow
             ... on level 7 of the Dungeon.
             The game lasted 00:09:06 (5480 turns).

jasper the Ducker (Djinni Venom Mage)               Turns: 5480, Time: 00:09:06

Health: -2/100     AC: 24    Str:  7    XL:     9   Next: 83%
Gold:   143        EV:  2    Int: 20    God:    Ru [**....] SH:  0 Dex: 15

rFire   . . .      SeeInvis .    (no weapon)
rCold   . . .      Faith    .    (no shield)
rNeg    . . .      Spirit   .    a - melded +0 robe
rPois   ∞          Reflect  .    m - melded +0 helmet
rElec   .          Rampage  .    d - melded +1 cloak
rCorr   .          NoTele   +    o - melded +0 pair of gloves
Will    .....                    (boots unavailable)
Stlth   ++                       (no amulet)
HPRegen 0.36/turn                (no ring)
MPRegen 0.00/turn                (no ring)

@: tree-form, hasted, very quick
A: stationary, stasis, torment immunity, boosted hp, sickness immunity, (fire
resistance 2), (cold vulnerability 1), inability to use devices, float, innate
caster, HP casting, extra vitality 1
a: Renounce Religion


You were on level 7 of the Dungeon.
You worshipped Ru.
Ru was pleased with you.
You were a tree.
You visited 2 branches of the dungeon, and saw 8 of its levels.

You collected 351 gold pieces.
You spent 208 gold pieces at shops.

Inventory:

Hand Weapons
 f - a +5 whip of electrocution
 l - a +1 dagger of draining
Missiles
 n - 2 throwing nets
 u - a curare-tipped dart
Armour
 a - a +0 robe (melded)
 d - a +1 cloak (melded)
 m - a +0 helmet (melded)
 o - a +0 pair of gloves (melded)
Magical Staves
 s - a staff of poison
 v - a staff of death
 w - a staff of air
 x - a staff of fire
Scrolls
 b - a scroll of teleportation
 c - a scroll of fear
 g - a scroll of fog
 h - a scroll of enchant weapon
 i - 2 scrolls of poison
 k - 8 scrolls of identify
 p - a scroll of magic mapping
 r - a scroll of immolation
 y - a scroll of blinking
 A - a scroll of silence {unknown}
Potions
 e - a potion of resistance
 j - a potion of lignification
 t - a potion of cancellation


   Skills:
 + Level 6.4 Fighting
 + Level 7.5 Dodging
 - Level 1.5 Stealth
 - Level 7.0 Spellcasting


You knew the following spells:

 Your Spells              Type           Power      Damage    Failure   Level
a - Sting                 Tmut/Pois      100%       1d8       1%          1
b - Poisonous Vapours     Pois/Air       70%        N/A       1%          2
c - Mephitic Cloud        Conj/Pois/Air  35%        N/A       1%          3
d - Olgreb's Toxic Radia  Pois           35%        N/A       5%          4
e - Necrotise             Necr           100%       1d9       1%          1
f - Searing Ray           Conj           70%        2d7       1%          2
g - Portal Projectile     Hex/Tloc       70%        N/A       1%          3
h - Dispel Undead         Necr           35%        3d15      5%          4
Your spell library was empty.

Dungeon Overview and Level Annotations

Branches:
Dungeon (7/15)             Temple (1/1) D:4

Altars:
Cheibriados
Dithmenos
Elyvilon
Makhleb
Okawaru
Ru
Uskayaw
Zin

Shops:
D:2 !   D:3 [   D:4 !   D:5 (


Innate Abilities, Weirdness & Mutations

You are a tree.
Your roots penetrate the ground, keeping you stationary.
You cannot be teleported.
You are immune to unholy pain and torment.
Your maximum health is greatly increased.
Your equipment is partially melded.
You are immune to sickness and miasma.
You are immune to poison.
((Your flesh is very heat resistant. (rF++)))
((You are vulnerable to cold. (rC-)))
You cannot study or use magical devices.
You float through the air rather than walking.
You learn spells naturally, not from books.
Your magical power is your life essence.
You have superior vitality. (+4 MHP)


Message History

The shadow strikes at you from the darkness!
Reactivating autopickup.
You hit the shadow.
You destroy the shadow!
You smack the white imp!
The white imp is almost dead.
The white imp spits at you. The white imp gestures at you.
The puff of frost hits you but does no damage.
You smack the white imp!
You kill the white imp!
The gargoyle begins to attack, but is stunned by your conviction!
You swing at nothing.
The gargoyle hurls a stone arrow at you.
The stone arrow hits you!
* * * LOW HITPOINT WARNING * * *
You take 7 damage, and have 21/100 hp.
You swing at nothing.
The gargoyle hurls a stone arrow at you.
The stone arrow hits you!
* * * LOW HITPOINT WARNING * * *
You take 11 damage, and have 10/100 hp.
You feel better.
You regained 11 hp, and now have 21/100 hp.
You barely miss the gargoyle.
The gargoyle hits you but does no damage.
You hit the gargoyle.
The gargoyle is lightly damaged.
The gargoyle hurls a stone arrow at you.
The stone arrow hits you!!
* * * LOW HITPOINT WARNING * * *
You take 18 damage, and have 4/100 hp.
Okay, then.
Unknown command.
You cannot evoke magical items.
You cannot evoke magical items.
It was a potion of haste.
You feel yourself speed up.
The gargoyle hurls a stone arrow at you.
The stone arrow hits you.
You die...

###...########## ...
#####...### .).)
#.....### .)≈.? #.#####
### ###).?≈o! ###.#
####.####)')).≈). #...#
#...W5.9).#..$≈.(
####.### #.#########
..≈.. #(...# #9# ....
#.#### #♣# ... ###.# #.#
.. #...# #.# . #.### #.#
..## #.# ...## #.# .#..#
#.#
###.############.#######
........................


You could see a gargoyle.

Vanquished Creatures
  Pikel (D:5)
  A shadow (D:7)
  A water moccasin (D:5)
  2 ice beasts
  A sky beast (D:6)
  2 black bears
  2 phantoms
  A lemure (D:5)
  A kobold brigand (D:6)
  Blork the orc (D:5)
  A bullfrog (D:7)
  A gnoll sergeant (D:7)
  2 hounds
  Crazy Yiuf (D:2)
  2 orc priests
  2 gnoll boudas
  2 jellies (D:5)
  Jessica (D:2)
  Terence (D:3)
  A sleepcap (D:6)
  3 iguanas
  8 orc wizards
  8 adders
  14 gnolls
  A shadow imp (D:7)
  A white imp (D:7)
  2 worms
  A dart slug (D:4)
  18 orcs
  7 ball pythons
  4 endoplasms
  4 giant cockroaches
  9 goblins
  7 hobgoblins
  4 jackals (D:4)
  12 kobolds
  3 quokkas
  5 bats
  3 rats
141 creatures vanquished.

Notes
Turn   | Place    | Note
-------+----------+-------------------------------------------
     0 | D:1      | jasper the Djinni Venom Mage began the quest for the Orb.
     0 | D:1      | jasper set off with the following spells memorised: Sting,
                  | Poisonous Vapours, Mephitic Cloud, Olgreb's Toxic Radiance.
     0 | D:1      | Reached XP level 1. HP: 15/15 MP: 0/0
   138 | D:1      | Reached XP level 2. HP: 20/21 MP: 0/0
   636 | D:1      | Reached XP level 3. HP: 21/25 MP: 0/0
   636 | D:1      | Learned a level 1 spell: Necrotise
   862 | D:2      | Found Ysicluog's Distillery.
   866 | D:2      | Bought a potion of lignification for 42 gold pieces
   972 | D:2      | Noticed Jessica
   980 | D:2      | Killed Jessica
   981 | D:2      | Reached XP level 4. HP: 15/31 MP: 0/0
  1360 | D:2      | Found a runed translucent door.
  1361 | D:2      | Noticed Crazy Yiuf
  1428 | D:2      | Reached XP level 5. HP: 34/35 MP: 0/0
  1428 | D:2      | Learned a level 2 spell: Searing Ray
  1544 | D:2      | Killed Crazy Yiuf
  1790 | D:3      | Noticed Terence
  1811 | D:3      | Killed Terence
  1840 | D:3      | You are sucked into a shaft and drop 3 floors!
  1880 | D:6      | Noticed an ice beast
  1900 | D:5      | Entered Level 5 of the Dungeon
  1906 | D:5      | Reached XP level 6. HP: 27/40 MP: 0/0
  1977 | D:4      | Noticed a black bear
  1987 | D:4      | Killed a black bear
  1988 | D:4      | Reached skill level 5 in Spellcasting
  2191 | D:4      | Found a staircase to the Ecumenical Temple.
  2208 | Temple   | Entered the Ecumenical Temple
  2231 | Temple   | Became a worshipper of Ru the Awakened
  2513 | D:3      | Found Xump's Antique Armour Emporium.
  2529 | D:3      | Bought a pair of gloves for 94 gold pieces
  2564 | D:3      | Found a snail-covered altar of Cheibriados.
  2630 | D:4      | Reached XP level 7. HP: 34/45 MP: 0/0
  2630 | D:4      | Learned a level 3 spell: Portal Projectile
  2744 | D:4      | Found Otig's Distillery.
  2753 | D:4      | Bought 2 potions of curing for 72 gold pieces
  3192 | D:5      | Found Toduc's Antique Weapon Emporium.
  3335 | D:5      | Reached XP level 8. HP: 28/50 MP: 0/0
  3464 | D:5      | Reached skill level 1 in Fighting
  3466 | D:5      | Gained mutation: You cannot study or use magical devices.
                  | [Ru sacrifice]
  3466 | D:5      | Reached * piety under Ru
  3466 | D:5      | Reached ** piety under Ru
  3476 | D:5      | Noticed Pikel
  3476 | D:5      | Noticed Blork the orc
  3490 | D:5      | Killed Pikel
  3491 | D:5      | Killed Blork the orc
  3760 | D:5      | Reached skill level 5 in Dodging
  3882 | D:5      | Reached XP level 9. HP: 55/62 MP: 0/0
  3882 | D:5      | Learned a level 4 spell: Dispel Undead
  4343 | D:6      | Reached skill level 5 in Fighting
  5447 | D:7      | Noticed a gargoyle
  5479 | D:7      | HP: 4/100 [gargoyle/stone arrow (18)]
  5480 | D:7      | Killed from afar by a gargoyle

Illustrated notes

Levels and vault maps discovered:
D:1:      mrwooster_arrival_arrow, layout_basic, hex_intersection
D:2:      layout_rooms, serial_shops, shop, serial_aquarium,
          aquarium_bridge_square [aquarium_subvault_balcony,
          aquarium_subvault_bridge, aquarium_subvault_wall,
          aquarium_subvault_window], aquarium_bridge_square
          [aquarium_subvault_balcony, aquarium_subvault_wall,
          aquarium_subvault_bridge, aquarium_subvault_bridge],
          aquarium_window_1, aquarium_window_1, aquarium_window_2,
          aquarium_window_1, aquarium_view_2c, aquarium_view_2a,
          aquarium_balcony_double_3, uniq_jessica, uniq_crazy_yiuf_cottage
D:3:      layout_rooms, mainiacjoe_overflow_swirl, serial_shops, shop_fountains,
          uniq_terence
D:4:      layout_cave_pools, minmay_temple_entry_hall, serial_shops,
          nicolae_lakefront_shop
D:5:      layout_loops_ring, serial_shops,
          nicolae_shop_temple_entry_statues_fountains, uniq_pikel,
          uniq_blork_the_orc
D:6:      cheibrodos_quashed, layout_basic
D:7:      layout_rooms, nicolae_hepliaklqana_hippocampus, grunt_potential
Temple:   hellmonk_temple_of_storms

Skill      XL: |  1  2  3  4  5  6  7  8  9 |
---------------+----------------------------+-----
Spellcasting   | 3 4 5 6 7 |  7.0
Fighting       | 4 6 |  6.4
Dodging        | 5 7 |  7.5
Stealth        | |  1.5

Action                     |  1- 3 |  4- 6 |  7- 9 || total
---------------------------+-------+-------+-------++-------
  Melee: Unarmed           |     5 |       |     6 ||    11
         Whip              |       |    32 |    86 ||   118
         Punch             |       |     1 |       ||     1
   Cast: Sting             |    39 |    11 |    19 ||    69
         Poisonous Vapours |     8 |    32 |    16 ||    56
         Searing Ray       |       |     2 |     1 ||     3
         Olgreb's Toxic Ra |       |     4 |    17 ||    21
 Invoke: Sacrifice Artific |       |       |     1 ||     1
    Use: Scroll            |     9 |     3 |     3 ||    15
         Potion            |       |       |     5 ||     5
   Stab: Sleeping          |       |       |     1 ||     1
 Armour: Robe              |     7 |    12 |    23 ||    42
         Skin              |       |       |     6 ||     6
  Dodge: Dodged            |    20 |    22 |    66 ||   108

Table legend: (Time is in decaauts)
 A = Elapsed time spent in this place.
 B = Non-inter-level travel time spent in this place.
 C = Inter-level travel time spent in this place.
 D = Time resting spent in this place.
 E = Time spent auto-exploring this place.
 F = Levels seen in this place.
 G = Mean time per level.
                   A        B        C        D        E       F      G
               +--------+--------+--------+--------+--------+-----+--------+
         Total |   5490 |   5192 |    298 |    235 |   3996 |   8 |  686.2 |
       Dungeon |   5459 |   5167 |    292 |    235 |   3982 |   7 |  779.9 |
        Temple |     30 |     24 |      6 |      0 |     14 |   1 |   30.0 |
               +--------+--------+--------+--------+--------+-----+--------+

Top non-repeatable levels by time:
     D:5: 952 daAuts
     D:6: 948 daAuts
     D:2: 856 daAuts
     D:4: 831 daAuts
     D:1: 779 daAuts
     D:3: 564 daAuts
     D:7: 528 daAuts
  Temple: 30 daAuts
